[ AOE2 MATCH · #506177051 ]
UnrankedVietnamese vs Teutons
Player's team · LOSS
Rival team · WIN
[ REPLAY ANALYSIS · EXTRACTED FROM THE RECORDED GAME ]
Feudal
8:53
Castle
25:54
Imperial
—
| APM avg | 68.4 |
| APM peak | 150 |
| eAPM avg | 32.7 |
| Villagers / military | 46 / 36 |
Focus
⚔️ 43.6% · 🌾 56.4%
Archer ×27 · Knight ×5 · Battering Ram ×4
Feudal
9:14
Castle
27:29
Imperial
—
| APM avg | 36.8 |
| APM peak | 96 |
| eAPM avg | 19.3 |
| Villagers / military | 55 / 3 |
Focus
⚔️ 41.3% · 🌾 58.7%
Knight ×2 · Spearman ×1
Match map
Initial resources + every placement click. Lines = walls · curves = elevation contours. ◆ gold · ⬟ stone · ● berries · ✦ relic · ◌ wall gap
Your base· Open — 8t gap
Kamil's base· Open — 5t gap
Smoothed initial terrain · ◌ = detected wall gap · hover for details
Inputs per minute
— General Nguyễn - - Kamil
Build order — General Nguyễn
129 actions detected in the replay
| 0:00 | Queue | Villager (Male) |
| 0:01 | Queue | Villager (Male) |
| 0:01 | Queue | Villager (Male) |
| 0:01 | Queue | Villager (Male) |
| 0:04 | Build | House |
| 0:05 | Build | House |
| 1:31 | Queue | Villager (Male) |
| 1:31 | Queue | Villager (Male) |
| 1:56 | Queue | Villager (Male) |
| 2:15 | Queue | Villager (Male) |
| 2:19 | Build | Lumber Camp |
| 2:35 | Queue | Villager (Male) |
| 2:46 | Queue | Villager (Male) |
| 3:31 | Build | House |
| 3:48 | Queue | Villager (Male) |
| 3:49 | Queue | Villager (Male) |
| 3:49 | Queue | Villager (Male) |
| 4:38 | Build | Mining Camp |
| 4:43 | Queue | Villager (Male) |
| 4:44 | Queue | Villager (Male) |
| 4:46 | Queue | Villager (Male) |
| 4:49 | Research | Loom |
| 5:21 | Queue | Villager (Male) |
| 5:50 | Build | Palisade Wall |
| 5:53 | Build | Palisade Wall |
| 6:42 | Research | Feudal Age |
| 7:44 | Research | Loom |
| 7:49 | Build | House |
| 7:59 | Build | Barracks |
| 8:53 | Age | Feudal Age |
| 8:58 | Build | Archery Range |
| 9:00 | Queue | Villager (Male) |
| 9:01 | Research | Double-Bit Axe |
| 9:29 | Queue | Villager (Male) |
| 10:06 | Queue | Villager (Male) |
| 10:06 | Queue | Villager (Male) |
| 10:06 | Queue | Villager (Male) |
| 10:07 | Queue | Villager (Male) |
| 11:34 | Build | Mill |
| 11:52 | Queue | Villager (Male) |
| 11:53 | Queue | Villager (Male) |
| 12:25 | Build | Watch Tower |
| 12:38 | Queue | Archer |
| 12:38 | Queue | Archer |
| 12:38 | Queue | Archer |
| 12:38 | Queue | Archer |
| 12:39 | Queue | Archer |
| 12:44 | Queue | Villager (Male) |
| 12:44 | Queue | Villager (Male) |
| 13:52 | Queue | Villager (Male) |
| 13:53 | Queue | Archer |
| 13:53 | Queue | Archer |
| 14:17 | Queue | Archer |
| 14:17 | Queue | Archer |
| 14:32 | Queue | Villager (Male) |
| 14:32 | Queue | Villager (Male) |
| 14:35 | Build | House |
| 14:40 | Queue | Archer |
| 14:40 | Queue | Archer |
| 15:11 | Queue | Archer |
| 15:11 | Queue | Archer |
| 15:22 | Build | Farm |
| 15:41 | Queue | Villager (Male) |
| 15:42 | Queue | Villager (Male) |
| 16:05 | Build | House |
| 16:13 | Queue | Archer |
| 16:13 | Queue | Archer |
| 16:13 | Queue | Archer |
| 16:14 | Queue | Archer |
| 16:35 | Build | Mining Camp |
| 16:40 | Queue | Villager (Male) |
| 16:41 | Queue | Villager (Male) |
| 16:41 | Queue | Villager (Male) |
| 17:10 | Build | Blacksmith |
| 17:13 | Queue | Villager (Male) |
| 17:25 | Build | Farm |
| 17:30 | Build | Farm |
| 17:33 | Queue | Villager (Male) |
| 17:37 | Build | House |
| 17:37 | Build | House |
| 17:37 | Build | House |
| 17:38 | Build | House |
| 17:38 | Build | House |
| 17:43 | Queue | Archer |
| 18:04 | Queue | Villager (Male) |
| 18:31 | Queue | Villager (Male) |
| 18:40 | Build | Lumber Camp |
| 18:43 | Queue | Villager (Male) |
| 18:49 | Build | House |
| 18:53 | Build | House |
| 19:02 | Research | Fletching |
| 19:02 | Research | Fletching |
| 19:03 | Queue | Villager (Male) |
| 19:18 | Queue | Archer |
| 19:32 | Queue | Villager (Male) |
| 19:33 | Queue | Villager (Male) |
| 19:46 | Queue | Archer |
| 19:51 | Build | Farm |
| 19:52 | Build | Farm |
| 19:53 | Build | Farm |
| 19:54 | Build | Farm |
| 20:44 | Queue | Villager (Male) |
| 20:44 | Queue | Villager (Male) |
| 20:52 | Queue | Archer |
| 20:52 | Queue | Archer |
| 21:03 | Build | Farm |
| 21:06 | Build | Farm |
| 21:15 | Queue | Archer |
| 21:21 | Queue | Archer |
| 21:39 | Queue | Archer |
| 22:12 | Build | Market |
| 23:14 | Research | Castle Age |
| 23:56 | Research | Gold Mining |
| 24:20 | Queue | Archer |
| 24:20 | Queue | Archer |
| 24:30 | Build | Stable |
| 24:33 | Build | Stable |
| 25:54 | Age | Castle Age |
| 25:56 | Build | Siege Workshop |
| 26:03 | Queue | Villager (Male) |
| 26:06 | Queue | Knight |
| 26:06 | Queue | Knight |
| 26:15 | Queue | Knight |
| 26:16 | Queue | Knight |
| 26:16 | Queue | Knight |
| 26:18 | Queue | Battering Ram |
| 26:18 | Queue | Battering Ram |
| 26:18 | Queue | Battering Ram |
| 26:55 | Queue | Battering Ram |
Build order — Kamil
121 actions detected in the replay
| 0:01 | Queue | Villager (Male) |
| 0:01 | Queue | Villager (Male) |
| 0:02 | Build | House |
| 0:04 | Build | House |
| 0:04 | Queue | Villager (Male) |
| 0:05 | Queue | Villager (Male) |
| 0:05 | Queue | Villager (Male) |
| 2:04 | Queue | Villager (Male) |
| 2:04 | Queue | Villager (Male) |
| 2:04 | Queue | Villager (Male) |
| 2:50 | Queue | Villager (Male) |
| 2:55 | Queue | Villager (Male) |
| 2:55 | Queue | Villager (Male) |
| 2:55 | Queue | Villager (Male) |
| 2:57 | Build | House |
| 4:08 | Queue | Villager (Male) |
| 4:08 | Queue | Villager (Male) |
| 4:32 | Queue | Villager (Male) |
| 4:54 | Queue | Villager (Male) |
| 4:54 | Queue | Villager (Male) |
| 5:03 | Queue | Villager (Male) |
| 5:29 | Build | Lumber Camp |
| 6:00 | Build | Mining Camp |
| 6:07 | Research | Loom |
| 7:00 | Research | Feudal Age |
| 8:33 | Build | House |
| 8:42 | Queue | Villager (Male) |
| 9:14 | Age | Feudal Age |
| 9:18 | Build | Watch Tower |
| 10:37 | Queue | Villager (Male) |
| 10:37 | Queue | Villager (Male) |
| 11:08 | Queue | Villager (Male) |
| 11:08 | Queue | Villager (Male) |
| 11:12 | Build | Watch Tower |
| 11:13 | Queue | Villager (Male) |
| 11:14 | Queue | Villager (Male) |
| 11:17 | Queue | Villager (Male) |
| 11:17 | Queue | Villager (Male) |
| 11:36 | Build | Watch Tower |
| 12:13 | Build | House |
| 12:26 | Build | Watch Tower |
| 12:34 | Queue | Villager (Male) |
| 13:21 | Build | Palisade Wall |
| 13:25 | Build | Palisade Wall |
| 13:30 | Build | Palisade Wall |
| 13:36 | Queue | Villager (Male) |
| 13:36 | Queue | Villager (Male) |
| 13:43 | Build | House |
| 14:01 | Build | Watch Tower |
| 14:06 | Queue | Villager (Male) |
| 14:12 | Queue | Villager (Male) |
| 14:35 | Queue | Villager (Male) |
| 14:45 | Build | Mining Camp |
| 15:02 | Queue | Villager (Male) |
| 15:02 | Queue | Villager (Male) |
| 15:15 | Build | Watch Tower |
| 15:22 | Build | Blacksmith |
| 15:30 | Queue | Villager (Male) |
| 15:41 | Queue | Villager (Male) |
| 15:53 | Research | Fletching |
| 16:09 | Queue | Villager (Male) |
| 16:47 | Build | House |
| 16:51 | Queue | Villager (Male) |
| 16:59 | Build | House |
| 17:34 | Build | Mill |
| 17:37 | Build | Watch Tower |
| 18:03 | Build | Farm |
| 18:04 | Build | Farm |
| 18:10 | Build | Palisade Wall |
| 18:18 | Build | Palisade Wall |
| 18:23 | Build | Watch Tower |
| 18:32 | Build | Watch Tower |
| 18:37 | Build | Farm |
| 18:41 | Build | Farm |
| 18:42 | Build | Farm |
| 18:47 | Queue | Villager (Male) |
| 18:59 | Queue | Villager (Male) |
| 19:12 | Build | Watch Tower |
| 19:20 | Build | Farm |
| 20:16 | Build | Watch Tower |
| 20:19 | Queue | Villager (Male) |
| 20:21 | Build | Farm |
| 20:22 | Queue | Villager (Male) |
| 20:51 | Queue | Villager (Male) |
| 20:53 | Build | Farm |
| 21:21 | Queue | Villager (Male) |
| 21:21 | Queue | Villager (Male) |
| 21:54 | Queue | Villager (Male) |
| 22:07 | Build | Farm |
| 22:09 | Build | Farm |
| 22:12 | Build | Farm |
| 22:14 | Queue | Villager (Male) |
| 22:16 | Build | House |
| 22:34 | Build | House |
| 22:44 | Build | Mining Camp |
| 23:28 | Build | Farm |
| 23:31 | Queue | Villager (Male) |
| 23:49 | Build | Mining Camp |
| 23:57 | Build | Market |
| 24:01 | Queue | Villager (Male) |
| 24:11 | Build | Farm |
| 24:13 | Build | Farm |
| 24:36 | Build | Watch Tower |
| 24:49 | Research | Castle Age |
| 25:30 | Research | Double-Bit Axe |
| 25:33 | Research | Horse Collar |
| 25:52 | Build | House |
| 25:53 | Build | House |
| 25:58 | Build | House |
| 26:41 | Build | Barracks |
| 27:04 | Queue | Villager (Male) |
| 27:04 | Queue | Villager (Male) |
| 27:09 | Build | Stable |
| 27:23 | Queue | Spearman |
| 27:29 | Age | Castle Age |
| 27:41 | Build | Castle |
| 27:47 | Queue | Knight |
| 27:47 | Queue | Knight |
| 27:52 | Queue | Villager (Male) |
| 27:52 | Queue | Villager (Male) |
| 27:53 | Queue | Villager (Male) |
Match timeline
| 5:50 | General Nguyễn · wall_segment Palisade Wall x1 |
| 5:53 | General Nguyễn · wall_segment Palisade Wall x1 |
| 7:59 | General Nguyễn · first_building Barracks |
| 8:53 | General Nguyễn · age_up feudal |
| 8:58 | General Nguyễn · first_building Archery Range |
| 9:14 | Kamil · age_up feudal |
| 13:21 | Kamil · wall_segment Palisade Wall x1 |
| 13:25 | Kamil · wall_segment Palisade Wall x1 |
| 13:30 | Kamil · wall_segment Palisade Wall x1 |
| 18:10 | Kamil · wall_segment Palisade Wall x1 |
| 18:18 | Kamil · wall_segment Palisade Wall x1 |
| 23:05 | General Nguyễn · first_market_buy 100 food |
| 23:09 | General Nguyễn · first_market_sell 500 wood |
| 24:30 | General Nguyễn · first_building Stable |
| 24:46 | Kamil · first_market_sell 100 food |
| 25:54 | General Nguyễn · age_up castle |
| 25:56 | General Nguyễn · first_building Siege Workshop |
| 26:41 | Kamil · first_building Barracks |
| 27:09 | Kamil · first_building Stable |
| 27:29 | Kamil · age_up castle |
| 27:36 | Kamil · first_market_buy 100 stone |
| 27:41 | Kamil · first_building Castle |
| 28:21 | General Nguyễn · resign |
[ AI ANALYSIS · 1 CREDIT ]
What really happened in this match?
Wolo.gg analyzes every decision: build order, eco, micro, common mistakes by bracket. Personalized analysis on WhatsApp or Discord in 30 seconds.
Civ guide
Vietnamese
Perfil
Jugador #8727964